 Dungeon Crawl Stone Soup version 0.22-a0-185-ge330310 (webtiles) character file.

86 vishdafish the Skirmisher (level 4, 29/35 HPs)
             Began as a Demonspawn Fighter on Feb 15, 2018.
             Quit the game on level 2 of the Dungeon.
             The game lasted 00:01:40 (1553 turns).

vishdafish the Skirmisher (Demonspawn Fighter)      Turns: 1553, Time: 00:01:41

Health: 29/35      AC: 10    Str: 16    XL:     4   Next: 26%
Magic:  4/4        EV:  6    Int: 11    God:
Gold:   93         SH:  8    Dex: 12    Spells: 3/3 levels left

rFire    . . .     SeeInvis .   a - +0 long sword
rCold    . . .     Gourm    .   c - +0 shield
rNeg     . . .     Faith    .   b - +0 scale mail
rPois    .         Spirit   +   (no helmet)
rElec    .         Reflect  .   (no cloak)
rCorr    .         Harm     .   (no gloves)
MR       .....                  h - +0 pair of boots
Stlth    ..........             (no amulet)
HPRegen  0.11/turn              (no ring)
MPRegen  0.09/turn              (no ring)

@: no status effects
A: claws 1, yellow scales 1, magic shield
a: no special abilities


You were on level 2 of the Dungeon.
You were very hungry.

You visited 1 branch of the dungeon, and saw 2 of its levels.

You collected 93 gold pieces.

Inventory:

Hand Weapons
 a - a +0 long sword (weapon)
Armour
 b - a +0 scale mail (worn)
 c - a +0 shield (worn)
 h - a +0 pair of boots (worn)
Scrolls
 d - a scroll of remove curse {unknown}
 g - 2 scrolls of enchant armour {unknown}
 j - a scroll of fear {unknown}
 k - 2 scrolls of identify {unknown}
 o - a scroll of fog {unknown}
Potions
 e - a potion of invisibility {unknown}
 i - a potion of curing {unknown}
 l - a potion of brilliance {unknown}
 m - 3 potions of flight {unknown}
 n - a potion of might
Comestibles
 f - 4 rations


   Skills:
 + Level 3.4 Fighting
 * Level 2.9 Long Blades
 + Level 3.2 Armour
 + Level 3.1 Shields


You had 3 spell levels left.
You didn't know any spells.

Dungeon Overview and Level Annotations

Branches:
Dungeon (2/15)

Altars:
Dithmenos
Uskayaw


Innate Abilities, Weirdness & Mutations

You have sharp fingernails.
You are partially covered in yellow scales. (AC +2)
When hurt, damage is shared between your health and your magic reserves.


Message History

The orc wizard hits you but does no damage.
You hit the orc wizard.
The orc wizard is severely wounded.
You block the orc's attack. You block the orc wizard's attack.
The orc hits you but does no damage.
You hit the orc wizard.
The orc wizard is almost dead.
The orc wizard barely misses you. The orc hits you with a dagger.
You hit the orc wizard.
You kill the orc wizard!
You have reached level 4!
You feel clever.
Your demonic ancestry asserts itself...
You feel your magical essence form a protective shroud around your flesh.
You block the orc's attack.
You barely miss the orc. The orc hits you but does no damage. x2
You slash the orc!
You kill the orc!
No target in view!
No target in view!
Are you sure you want to abandon this character and quit the game? (Confirm with "yes".)

#.#####........##)######.....)...
#.# #........##.# #..###.##. #.#
#........##.######.####.###
#.#####...##.####.##.....#....#
#.##...##..#.###...........######
#.##...###...##...##.....####...#
#.##...####..............##...#..
#.##...##...)..##..###..###.#####
#.##............@)......#.#.#
#......###.##..##)..........# #
#.(........##..##.........#######
.......#####............#.#.....(
.#.#...# #.....#...........#####
...#...####.#..#####.#.......####
.#.######................###.<...
##.#### #....#.#####.#...# ######
##....###...##.# #......########


There were no monsters in sight!

Vanquished Creatures
  An orc wizard (D:2)
  An ooze (D:1)
  A worm (D:2)
  2 leopard geckos (D:2)
  2 orcs (D:2)
  7 giant cockroaches
  5 goblins
  5 hobgoblins
  3 jackals (D:2)
  A quokka (D:2)
  6 bats
  3 frilled lizards
  6 rats
43 creatures vanquished.

Notes
Turn   | Place    | Note
-------+----------+-------------------------------------------
     0 | D:1      | vishdafish the Demonspawn Fighter began the quest for the Orb.
     0 | D:1      | Reached XP level 1. HP: 18/18 MP: 1/1
   146 | D:1      | Gained mutation: You are partially covered in yellow scales. (AC +2) [demonic ancestry]
   146 | D:1      | Reached XP level 2. HP: 18/24 MP: 2/2
   589 | D:2      | Gained mutation: You have sharp fingernails. [demonic ancestry]
   589 | D:2      | Reached XP level 3. HP: 17/29 MP: 3/3
   787 | D:2      | Found a shadowy altar of Dithmenos.
  1357 | D:2      | Found a faded altar of an unknown god.
  1502 | D:2      | Found a hide-covered altar of Uskayaw.
  1550 | D:2      | Gained mutation: When hurt, damage is shared between your health and your magic reserves. [demonic ancestry]
  1550 | D:2      | Reached XP level 4. HP: 29/35 MP: 4/4
  1553 | D:2      | Quit the game

Vault maps used:
D:1:      scummos_arrival_star
D:2:      grunt_dithmenos_smoke, eat_drink_and_be_merry_uskayaw,
          chequers_ecumenical_altar_island

Skill      XL: |  1  2  3 |
---------------+----------+-----
Long Blades    | 2 |  2.9
Armour         | 3 |  3.2
Shields        | 3 |  3.1
Fighting       | |  3.4

Action                   |  1- 3 |  4- 6 || total
-------------------------+-------+-------++-------
Melee: Long sword        |   136 |     2 ||   138
  Use: Potion            |     1 |       ||     1
  Eat: Chunk             |     1 |       ||     1
Armor: Scale mail        |    87 |     2 ||    89
Dodge: Dodged            |    52 |       ||    52
Block: Shield            |    84 |     1 ||    85
       Rpst.: Long sword |    19 |       ||    19

Table legend:
 A = Spawn XP
 B = Non-spawn XP
 C = Spawn XP percentage of total XP
 D = Spawn monster count
 E = Non-spawn monster count
 F = Spawn count percentage of total count
 G = Total turns spent on level
                    A         B        C        D         E        F      G
               +---------+---------+-------+---------+---------+-------+---------
         Total |       0 |     123 |   0.0 |       0 |      43 |   0.0 |  1553
               +---------+---------+-------+---------+---------+-------+---------
           D:1 |       0 |      25 |   0.0 |       0 |      13 |   0.0 |   507
           D:2 |       0 |      98 |   0.0 |       0 |      30 |   0.0 |  1046
               +---------+---------+-------+---------+---------+-------+---------
